AoeStats
← 150490644@

Arabia

508695982Analyzed
1v1 RM · 8d ago on Sep 23, 2026· 22m 18s· 2 players
Game mode
Random Map
Map size
Tiny (2 player)
Population
200
Speed
Normal
Resources
Standard
Victory
Conquest
Starting age
Dark Age
Ending age
Imperial Age
RankedLock teamsTeams togetherTeam positionsShared explorationLock speedFull tech treeHidden civsTurbo modeCheats
Victory
Defeat
🇹🇼 Varangians · Taiwan
873
+18
🇮🇹 Varangians · Italy
918
-18
150490644@
7:21 Loom
9:33 Feudal Age
10:17 Double-Bit Axe
19:48 Castle Age
19:24 Wheelbarrow
flash80102
2:46 Loom
6:56 Loom
9:41 Feudal Age
14:34 Castle Age
17:26 Arson
17:27 Gambesons
Connection lost

Rejoining the realm…

Still unreachable

The connection could not be restored.

Session expired

The server has moved on; the page needs a fresh start.